 Dungeon Crawl Stone Soup version 0.23-a0-550-g7de1f8e (webtiles) character file.

247 Geeful the Sneak (level 6, -4/36 HPs)
             Began as an Octopode Earth Elementalist on Dec 8, 2018.
             Killed from afar by Natasha (7 damage)
             ... with a magic dart
             ... on level 3 of the Dungeon.
             The game lasted 00:11:08 (3724 turns).

Geeful the Sneak (Octopode Earth Elementalist)      Turns: 3724, Time: 00:11:09

Health: -4/36      AC:  1    Str:  7    XL:     6   Next: 11%
Magic:  8/10       EV: 14    Int: 19    God:
Gold:   168        SH:  0    Dex: 13    Spells: 5/11 levels left

rFire    . . .     SeeInvis .   a - +4 hand axe (chop)
rCold    . . .     Gourm    .   (no shield)
rNeg     . . .     Faith    .   (helmet restricted)
rPois    .         Spirit   .   (no amulet)
rElec    .         Reflect  .   (no ring)
rCorr    .         Harm     .   (no ring)
MR       .....                  (no ring)
Stlth    ++++......             (no ring)
HPRegen  0.12/turn              (no ring)
MPRegen  0.12/turn              (no ring)
                                (no ring)
                                (no ring)

@: no status effects
A: almost no armour, stealthy swim, amphibious, 8 rings, constrict 8, camouflage
1, gelatinous body 1
a: no special abilities


You were on level 3 of the Dungeon.
You were not hungry.

You visited 1 branch of the dungeon, and saw 3 of its levels.

You collected 168 gold pieces.

Inventory:

Hand Weapons
 a - a +4 hand axe of chopping (weapon)
 f - a +0 morningstar of holy wrath
Missiles
 b - 175 stones (quivered)
Wands
 i - a wand of paralysis (6)
Scrolls
 d - a scroll of amnesia
 e - 2 scrolls of magic mapping
 g - a scroll of enchant armour {unknown}
 h - a scroll of remove curse {unknown}
Potions
 k - a potion of lignification {unknown}
Comestibles
 c - 7 rations
 j - a chunk of flesh


   Skills:
 + Level 3.5 Dodging
 - Level 4.8 Stealth
 * Level 3.2 Spellcasting
 - Level 1.0 Transmutations
 + Level 4.1 Earth Magic


You had 5 spell levels left.
You knew the following spells:

 Your Spells              Type           Power        Failure   Level  Hunger
a - Sandblast             Erth           ###...       2%          1    None
b - Passwall              Tmut/Erth      ##......     8%          2    ##.....
c - Stone Arrow           Conj/Erth      ##....       19%         3    ###....

Your spell library contained the following spells:

 Spells                   Type           Power        Failure   Level  Hunger
 Petrify                  Tmut/Erth      ##......     45%         4    ####...
 Lee's Rapid Deconstruct  Erth           ###.......   58%         5    ######.


Dungeon Overview and Level Annotations

Branches:
Dungeon (3/15)

Altars:

Annotations:
D:3 Natasha


Innate Abilities, Weirdness & Mutations

You cannot wear most types of armour.
You are very stealthy in the water. (Stealth+)
You are amphibious.
You can wear up to eight rings at the same time.
You can use your tentacles to constrict eight enemies at once.
Your skin changes colour to match your surroundings (Stealth+).
Your rubbery body absorbs attacks. (AC +1, EV +1)


Message History

Natasha stares at you and mumbles some strange words.
The magic dart hits you!
* * * LOW HITPOINT WARNING * * *
As you read the scroll labeled ENWOLU EDWIRAA, it crumbles to dust.
It is a scroll of amnesia.
Okay, then.
Natasha extends her claws.
A giant cockroach comes into view.
Natasha stares at you and mumbles some strange words.
The magic dart hits you!
* * * LOW HITPOINT WARNING * * *
Casting: Sandblast (safe; 2% risk of failure)
Confirm with . or Enter, or press ? or * to list all spells.
Aiming: Passwall (safe; 8% risk of failure)
Press: ? - help, Dir - move target cursor A rock wall.
This rock feels extremely deep.
Natasha stares at you and mumbles some strange words.
The magic dart hits you!
You die...

.........).# #.# #.#
#####...).##
##.########.#
#.####(###...÷......[#
#h# ##$..##########.#
#.# ##!## #... #.#
#.h. #<.#
#.######...§#.#####...
#$h...###.#...........
#####@# .###.#####..#
#.# .. # #... #s# ##
##.# #.# #.# #.# #.#
#.# #.# ..# ###.. ###
#....
#############.#..


You could see Natasha and a giant cockroach (sleeping).

Vanquished Creatures
  An orc priest (D:3)
  An orc wizard (D:3)
  Ijyb (D:3)
  Natasha (D:3)
  5 adders
  An ooze (D:1)
  2 dart slugs (D:2)
  4 leopard geckos
  6 orcs
  6 giant cockroaches
  7 goblins
  4 hobgoblins
  11 jackals
  8 kobolds
  2 quokkas
  2 ball pythons (D:3)
  4 bats
  2 frilled lizards (D:2)
  7 rats
75 creatures vanquished.

Notes
Turn   | Place    | Note
-------+----------+-------------------------------------------
     0 | D:1      | Geeful the Octopode Earth Elementalist began the quest for
                  | the Orb.
     0 | D:1      | Reached XP level 1. HP: 11/11 MP: 3/3
   177 | D:1      | Reached XP level 2. HP: 15/17 MP: 5/5
   702 | D:1      | Reached XP level 3. HP: 1/21 MP: 3/6
  1719 | D:2      | Reached XP level 4. HP: 27/27 MP: 7/7
  2579 | D:3      | Learned a level 2 spell: Passwall
  2583 | D:3      | Learned a level 3 spell: Stone Arrow
  2596 | D:3      | Noticed Ijyb
  2607 | D:3      | Paralysed by Ijyb for 5 turns
  2617 | D:3      | Killed Ijyb
  2617 | D:3      | Reached XP level 5. HP: 20/31 MP: 4/9
  3618 | D:3      | Noticed Natasha
  3625 | D:3      | Killed Natasha
  3625 | D:3      | Reached XP level 6. HP: 30/36 MP: 10/10
  3710 | D:3      | Noticed Natasha
  3724 | D:3      | Killed from afar by Natasha

Vault maps used:
D:1:      dpeg_arrival_prison
D:2:      minmay_split_cup_small
D:3:      uniq_ijyb, uniq_natasha

Skill      XL: |  1  2  3  4  5 |
---------------+----------------+-----
Stealth        | 3 4 |  4.8
Dodging        | 3 |  3.5
Spellcasting   | 3 |  3.2
Earth Magic    | 4 |  4.1
Transmutations | |  1.0

Action                   |  1- 3 |  4- 6 || total
-------------------------+-------+-------++-------
Melee: Unarmed           |    14 |       ||    14
       Constrict         |    15 |    18 ||    33
       Tentacles         |    10 |    13 ||    23
       Dagger            |    49 |       ||    49
       Hand axe          |     7 |    84 ||    91
 Cast: Sandblast         |     7 |     5 ||    12
       Passwall          |       |     1 ||     1
  Use: Scroll            |     1 |     2 ||     3
 Stab: Sleeping          |     9 |     6 ||    15
       Distracted        |       |     1 ||     1
  Eat: Chunk             |     3 |     6 ||     9
Armor: Skin              |       |     4 ||     4
Dodge: Dodged            |    41 |    54 ||    95

Table legend:
 A = Non-vault XP
 B = Vault XP
 C = Vault XP percentage of total XP
 D = Non-vault monster count
 E = Vault monster count
 F = Vault count percentage of total count
                 A         B        C        D         E       F
            +---------+---------+-------+---------+---------+-------
      Total |     273 |      81 |  22.9 |      67 |       8 |  10.7
            +---------+---------+-------+---------+---------+-------
        D:1 |      41 |       6 |  12.8 |      20 |       3 |  13.0
        D:2 |      78 |       4 |   4.9 |      21 |       3 |  12.5
        D:3 |     154 |      71 |  31.6 |      26 |       2 |   7.1
            +---------+---------+-------+---------+---------+-------
